 Dungeon Crawl Stone Soup version 0.19-a0-529-g411dd88 (webtiles) character file.

58 IamBaum the Ruffian (level 4, 0/40 HPs)
             Began as a Ghoul Monk on June 7, 2016.
             Was a Priest of Cheibriados.
             Slain by Ptasznikt's ghost (7 damage)
             ... on level 3 of the Dungeon.
             The game lasted 00:23:53 (2614 turns).

IamBaum the Ruffian (Ghoul Monk)                    Turns: 2614, Time: 00:23:53

Health: 0/40       AC:  3    Str: 22    XL:     4   Next: 2%
Magic:  3/3        EV: 13    Int: 12    God:    Cheibriados [***...]
Gold:   101        SH:  0    Dex: 18    Spells: 0 memorised, 3 levels left

rFire  . . .     SeeInvis .       - Unarmed
rCold  + . .     Gourm    .     a - +1 robe
rNeg   + + +     Faith    .     (no shield)
rPois  ∞         Spirit   .     (no helmet)
rElec  .         Dismiss  .     (no cloak)
rCorr  .         Reflect  .     (no gloves)
SustAt .         Harm     .     (no boots)
MR     .....                    (no amulet)
Stlth  ++........               (no ring)
                                (no ring)

@: rotting, very slow, not resistant to hostile enchantments, unstealthy
A: rotting body, claws 1, carnivore 3, cold resistance 1, negative energy
resistance 3, slow regeneration 1, torment resistance, unbreathing
a: Bend Time, Temporal Distortion, Renounce Religion


You were on level 3 of the Dungeon.
You worshipped Cheibriados.
Cheibriados was most pleased with you.
You were not hungry.

You visited 1 branch of the dungeon, and saw 3 of its levels.

You collected 101 gold pieces.

Inventory:

Hand Weapons
 f - a +0 short sword
Missiles
 k - 18 sling bullets
 p - 15 arrows
 q - 104 stones
 r - 23 bolts
Armour
 a - a +1 robe (worn)
 h - a +0 robe
 l - a +0 naga barding
 m - a +0 ring mail
Scrolls
 c - 2 scrolls of enchant armour
 g - a scroll of teleportation (quivered)
 j - a scroll of immolation {unknown}
Potions
 d - a potion of cure mutation {unknown}
 e - a potion of heal wounds {unknown}
 s - a potion of haste {unknown}
 w - a potion of lignification {unknown}
Comestibles
 b - a meat ration


   Skills:
 * Level 4.2 Fighting
 + Level 2.9 Dodging
 + Level 2.3 Stealth
 + Level 5.1 Unarmed Combat


You had 3 spell levels left.
You didn't know any spells.

Dungeon Overview and Level Annotations

Branches:
Dungeon (3/15)

Altars:
Cheibriados

Annotations:
D:3 Ptasznikt's ghost, amateur HuFi


Innate Abilities, Weirdness & Mutations

Your body is rotting away.
You thrive on raw meat.
You are immune to poison.
You have sharp fingernails.
You are carnivorous and can eat meat at any time.
Your flesh is cold resistant. (rC+)
You are immune to negative energy. (rN+++)
You regenerate slowly when monsters are visible.
You are immune to unholy pain and torment.
You can survive without breathing.


Message History

Things that are here:
a chunk of flesh; a goblin skeleton The goblin shoots a stone.
The stone misses you.
The goblin shoots a stone.
The stone hits you.
You see here a stone.
The goblin shoots a stone.
The stone hits you.
The goblin shoots a stone.
The stone hits you but does no damage.
You see here a stone.
You barely miss Ptasznikt's ghost. Ptasznikt's ghost hits you!
You scratch Ptasznikt's ghost.
Ptasznikt's ghost is lightly damaged.
Ptasznikt's ghost hits you.
The goblin unwields an uncursed hunting sling.
The goblin closely misses you.
You scratch Ptasznikt's ghost but do no damage.
Ptasznikt's ghost is lightly damaged.
Ptasznikt's ghost hits you!
* * * LOW HITPOINT WARNING * * *
The goblin barely misses you. Ptasznikt's ghost hits you!
You die...

..... #.... #....##
#......####
..........#####
#..)%....(.#
...#...(#...#)# #
##.........g###.# .#
...........W@.#.####.#
#....#.#####.#.#....#
....#.......#....# .#
...##.....####..#
...##........+.....#
.............#####.###
.........# #.......#
.........#####.#...#.#
...............#.###.#


You could see Ptasznikt's ghost and a goblin.

Vanquished Creatures
  An adder (D:2)
  A worm (D:2)
  2 dart slugs
  A giant gecko (D:2)
  6 bats
  A giant cockroach (D:2)
  6 goblins
  5 hobgoblins
  3 jackals (D:2)
  2 quokkas (D:2)
  A ball python (D:2)
  3 giant newts
  3 kobolds
  5 rats (D:1)
  A fungus (D:1)
  A plant (D:1)
42 creatures vanquished.

Notes
Turn   | Place    | Note
--------------------------------------------------------------
     0 | D:1      | IamBaum the Ghoul Monk began the quest for the Orb.
     0 | D:1      | Reached XP level 1. HP: 19/19 MP: 0/0
   455 | D:1      | Reached XP level 2. HP: 21/26 MP: 1/1
  1508 | D:2      | Reached XP level 3. HP: 28/33 MP: 2/2
  1703 | D:2      | Reached skill level 5 in Unarmed Combat
  1909 | D:2      | Found a faded altar of an unknown god.
  1966 | D:2      | Became a worshipper of Cheibriados the Contemplative
  1966 | D:2      | Reached * piety under Cheibriados
  1966 | D:2      | Reached ** piety under Cheibriados
  2097 | D:2      | Reached *** piety under Cheibriados
  2602 | D:3      | Reached XP level 4. HP: 34/40 MP: 3/3
  2605 | D:3      | Noticed Ptasznikt's ghost (amateur HuFi)
  2614 | D:3      | Slain by Ptasznikt's ghost

Vault maps used:
D:1:      tarquinn_simple_flora_water_d, hex_medium, minmay_misc_feat_chi
D:2:      ecumenical_altar_2

Skill      XL: |  1  2  3 |
---------------+----------+-----
Unarmed Combat | 5 |  5.1
Fighting       | 4 |  4.2
Dodging        | |  2.9
Stealth        | |  2.3

Action                   |  1- 3 |  4- 6 || total
-------------------------+-------+-------++-------
Melee: Unarmed           |   157 |     6 ||   163
       Punch             |     2 |       ||     2
  Use: Scroll            |     4 |       ||     4
 Stab: Sleeping          |     4 |       ||     4
  Eat: Chunk             |     7 |       ||     7
       Beef jerky        |     1 |       ||     1
Armor: Robe              |    30 |       ||    30
Dodge: Dodged            |    60 |     7 ||    67
